 Dungeon Crawl Stone Soup version 0.22.0-76-g6cd1571672 (webtiles) character file.

10866 Grim the Impaler (level 11, -8/135 HPs)
             Began as a Merfolk Berserker on Sept 16, 2018.
             Was an Elder of Trog.
             Mangled by Sonja
             ... wielding a +0 dagger of distortion
              (9 damage)
             ... on level 11 of the Dungeon.
             The game lasted 00:25:33 (12942 turns).

Grim the Impaler (Merfolk Berserker)               Turns: 12942, Time: 00:25:34

Health: -8/135     AC: -4    Str: 23    XL:     11   Next: 68%
Magic:  11/11      EV: 19    Int:  8    God:    Trog [****..]
Gold:   625        SH:  0    Dex: 15    Spells: 10/10 levels left

rFire    . . .     SeeInvis +   D - +3 trident
rCold    . . .     Gourm    .   (no shield)
rNeg     . . .     Faith    .   h - +0 leather armour
rPois    .         Spirit   .   u - +0 helmet
rElec    .         Reflect  .   w - +2 cloak
rCorr    .         Harm     .   (no gloves)
MR       ++...                  l - +0 pair of boots
Stlth    ..........             i - amulet of the acrobat
HPRegen  1.32/turn              R - +3 ring of protection
MPRegen  0.12/turn              O - ring of see invisible

@: berserking, lethally poisoned (-8 -> -9), corroded, regenerating, very quick
A: change form in water, swift swim, stealthy swim
a: Berserk, Trog's Hand, Brothers in Arms, Renounce Religion


You were on level 11 of the Dungeon.
You worshipped Trog.
Trog was greatly pleased with you.
You were hungry.

You visited 1 branch of the dungeon, and saw 11 of its levels.
You also visited: Ossuary.

You collected 751 gold pieces.
You spent 126 gold pieces at shops.

Inventory:

Hand Weapons
 a - a +0 spear
 D - a +3 trident (weapon)
Missiles
 G - 2 exploding tomahawks (quivered)
 L - 3 tomahawks
Armour
 b - a +0 animal skin
 h - a +0 leather armour (worn)
 l - a +0 pair of boots (worn)
 u - a +0 helmet (worn)
 w - a +2 cloak (worn)
Jewellery
 i - an amulet of the acrobat (around neck)
 O - a ring of see invisible (right hand)
 R - a +3 ring of protection (left hand)
 U - an uncursed ring of fire
Wands
 e - a wand of enslavement (10)
 r - a wand of acid (15)
 y - a wand of disintegration (17)
 A - a wand of flame (36)
 H - a wand of scattershot (7)
 K - a wand of random effects (23)
 M - a wand of clouds (6)
Scrolls
 g - 3 scrolls of amnesia
 k - 2 scrolls of teleportation
 n - a scroll of blinking {unknown}
 s - 3 scrolls of enchant armour
 x - 2 scrolls of remove curse
 B - a scroll of holy word {unknown}
 C - a scroll of enchant weapon
 F - a scroll of fear {unknown}
 J - a scroll of immolation {unknown}
 P - a scroll of noise {unknown}
 Q - a scroll of magic mapping
 S - 2 scrolls of identify
 T - a scroll of fog {unknown}
Potions
 d - 4 potions of flight
 f - a potion of cancellation
 j - 2 potions of might {unknown}
 m - a potion of ambrosia {unknown}
 o - a potion of degeneration {unknown}
 p - 2 potions of curing
 q - 2 potions of lignification {unknown}
 t - a potion of brilliance {unknown}
 v - 3 potions of mutation {unknown}
 z - 2 potions of haste {unknown}
 N - 2 potions of heal wounds
Comestibles
 c - 14 rations


   Skills:
 + Level 9.9 Fighting
 + Level 18.2 Polearms
 - Level 1.3 Armour
 + Level 11.3 Dodging


You had 10 spell levels left.
You didn't know any spells.
Your spell library was empty.

Dungeon Overview and Level Annotations

Branches:
Dungeon (11/15)            Temple (0/1) D:6            Lair (0/6) D:8
    Orc (0/2) D:9

Altars:
Cheibriados
Fedhas
Gozag
Ru
Uskayaw

Shops:
D:4 [*!*[

Annotations:
D:11 Sonja


Message History

Sonja hits you with an uncursed dagger of distortion!
* * * LOW HITPOINT WARNING * * *
Space bends around you.
* * * LOW HITPOINT WARNING * * *
Sonja completely misses you.
Sonja hits you with an uncursed dagger of distortion.
* * * LOW HITPOINT WARNING * * *
Space bends around you.
* * * LOW HITPOINT WARNING * * *
The acid dragon closely misses you. x2
You miss Sonja.
Sonja is lightly wounded.
Unknown command.
You completely miss Sonja.
Sonja is lightly wounded.
Sonja closely misses you.
Sonja hits you with an uncursed dagger of distortion.
* * * LOW HITPOINT WARNING * * *
Space warps horribly around you!
You die...

.. #.###### .. #####
#.....#......# ..##...#
####.....#......#
..##.!.#########........#......#
.....(.##.........≈.....#......#
........+.........≈≈....#(.....##
.......##..............##$.......
..)..<.>........††.....(.........
......#........O@K...........###.
...#............KD.....(........<
...#.###.####.####.####(###...##.
...#.#.......... %..#oSK# #....#.
..D#.#......#(#.# #.(#.K##.##.#.
...#....#...###.#...#..#..... .#.
...#.#....... .## ##..#.#.. .#.
#...(# .... #. ##...#....#.
#....# .## .. #..# #.#.


You could see Sonja, an acid dragon, a kobold and a friendly two-headed ogre
(berserk).

Vanquished Creatures
  The ghost of BushDid911 the Fighter, a journeyman HOFi of Beogh (D:10)
  A hydra (D:10)
  A centaur warrior (D:10)
  The ghost of Whitewater the Spear-Bearer, a novice MiBe of Trog (D:8)
  2 unseen horrors
  An ugly thing (D:8)
  A spiny frog (shapeshifter) (D:10)
  2 kobold demonologists (D:11)
  A hippogriff (D:8)
  A wyvern (D:10)
  6 yaks (D:9)
  A hungry ghost (D:8)
  2 wargs (D:7)
  A water moccasin (D:6)
  The ghost of Anathary the Covert, an amateur SpAs (D:4)
  3 orc warriors
  4 sky beasts
  An ice beast (D:7)
  4 phantoms
  4 ogres
  A necrophage (D:11)
  3 centaurs
  An elf zombie (Ossuary)
  6 bullfrogs
  A wyvern skeleton (D:4)
  A scorpion (D:10)
  5 wights
  2 howler monkeys
  4 crimson imps
  A centaur zombie (Ossuary)
  6 hounds
  4 jellies
  A quasit (D:11)
  2 bullfrog zombies
  3 orc priests
  2 bullfrog skeletons
  4 centaur skeletons
  A human zombie (Ossuary)
  An iguana (D:7)
  8 worker ants
  2 orc wizards (D:8)
  A killer bee zombie (D:9)
  3 big kobold zombies (Ossuary)
  2 hound zombies
  A hound skeleton (D:8)
  3 mummies (Ossuary)
  3 worker ant zombies
  3 gnolls (D:5)
  9 adders
  2 shadow imps (D:5)
  An ooze (D:1)
  An adder zombie (Ossuary)
  2 adder skeletons
  A worm (D:2)
  2 dart slugs
  4 leopard geckos
  22 orcs
  2 ball pythons
  6 bats
  5 giant cockroaches
  4 hobgoblins
  6 jackals
  4 quokkas
  6 frilled lizards
  7 goblins
  5 goblin zombies (Ossuary)
  4 hobgoblin zombies (Ossuary)
  7 jackal zombies (Ossuary)
  5 kobolds
  5 kobold zombies (Ossuary)
  A leopard gecko skeleton (D:4)
  3 orc zombies (Ossuary)
  3 quokka skeletons
  A quokka zombie (D:5)
  7 rats
  3 rat zombies (Ossuary)
242 creatures vanquished.

Vanquished Creatures (collateral kills)
  An acid dragon (D:11)
  2 big kobolds (D:11)
  A bullfrog (D:11)
  A hound (D:11)
  An adder (D:11)
  A kobold (D:11)
7 creatures vanquished.

Grand Total: 249 creatures vanquished

Notes
Turn   | Place    | Note
-------+----------+-------------------------------------------
     0 | D:1      | Grim the Merfolk Berserker began the quest for the Orb.
     0 | D:1      | Reached XP level 1. HP: 18/18 MP: 1/1
   123 | D:1      | Reached skill level 5 in Polearms
   222 | D:1      | Reached XP level 2. HP: 24/24 MP: 2/2
   774 | D:2      | Reached skill level 6 in Polearms
   774 | D:2      | Reached XP level 3. HP: 15/29 MP: 3/3
  1139 | D:2      | Found a hide-covered altar of Uskayaw.
  1140 | D:2      | Noticed a dagger
  1140 | D:2      | Noticed a hand axe
  1194 | D:2      | Found a faded altar of an unknown god.
  1661 | D:3      | Reached ** piety under Trog
  1860 | D:3      | Reached skill level 7 in Polearms
  1860 | D:3      | Reached XP level 4. HP: 25/35 MP: 4/4
  2522 | D:3      | Reached skill level 8 in Polearms
  2522 | D:3      | Reached XP level 5. HP: 34/41 MP: 5/5
  2785 | D:4      | Found Inorad's Armour Boutique.
  2848 | D:4      | Found a sand-covered staircase.
  2857 | D:4      | Noticed a phantom
  2859 | Ossuary  | Entered an ossuary
  2930 | Ossuary  | Reached skill level 9 in Polearms
  2930 | Ossuary  | Reached XP level 6. HP: 34/47 MP: 6/6
  3276 | Ossuary  | Reached skill level 10 in Polearms
  3460 | Ossuary  | Reached *** piety under Trog
  3663 | D:4      | Found Guodghibe's Assorted Antiques.
  3708 | D:4      | Killed a phantom
  3708 | D:4      | Reached skill level 11 in Polearms
  3708 | D:4      | Reached XP level 7. HP: 33/52 MP: 7/7
  3899 | D:4      | Bought a +1 cloak for 126 gold pieces
  3919 | D:4      | Found a transporter.
  3919 | D:4      | Noticed Anathary's ghost (amateur SpAs)
  3968 | D:4      | Found Itunerch's General Store.
  4147 | D:4      | Found Estoh's Distillery.
  4193 | D:4      | Found a transporter.
  4214 | D:4      | Found Nol Limush's Antique Armour Boutique.
  4496 | D:4      | Reached skill level 12 in Polearms
  4502 | D:4      | Killed Anathary's ghost
  4515 | D:4      | Reached XP level 8. HP: 58/58 MP: 8/8
  4606 | D:5      | Entered Level 5 of the Dungeon
  4632 | D:5      | Reached skill level 13 in Polearms
  5259 | D:5      | Found a blossoming altar of Fedhas.
  5720 | D:6      | Reached **** piety under Trog
  5737 | D:6      | Reached skill level 14 in Polearms
  5919 | D:6      | Reached skill level 15 in Polearms
  6107 | D:6      | Reached XP level 9. HP: 56/64 MP: 9/9
  6340 | D:6      | Found a snail-covered altar of Cheibriados.
  6340 | D:6      | Found a sacrificial altar of Ru.
  6500 | D:6      | Found a staircase to the Ecumenical Temple.
  7677 | D:7      | Reached skill level 5 in Dodging
  7685 | D:7      | Reached skill level 5 in Fighting
  8411 | D:8      | Found a staircase to the Lair.
  8425 | D:8      | Reached skill level 16 in Polearms
  8576 | D:8      | Found a runed gate.
  8577 | D:8      | Found a runed gate.
  8577 | D:8      | Found a runed gate.
  8578 | D:8      | Found an opulent altar of Gozag.
  8579 | D:8      | Noticed Whitewater's ghost (novice MiBe)
  8579 | D:8      | Noticed a purple ugly thing
  8639 | D:8      | Reached ***** piety under Trog
  9024 | D:8      | Reached XP level 10. HP: 71/77 MP: 10/10
  9245 | D:8      | Killed a purple ugly thing
  9254 | D:8      | Killed Whitewater's ghost
  9351 | D:8      | Killed an unseen horror
  9910 | D:9      | Found a staircase to the Orcish Mines.
  9945 | D:9      | Reached skill level 17 in Polearms
 10631 | D:10     | Entered Level 10 of the Dungeon
 11127 | D:10     | Found a runed door.
 11128 | D:10     | Noticed BushDid911's ghost (journeyman HOFi)
 11134 | D:10     | Reached XP level 11. HP: 64/87 MP: 11/11
 11386 | D:10     | Killed an unseen horror
 11386 | D:10     | Reached skill level 10 in Dodging
 11553 | D:10     | Killed BushDid911's ghost
 12106 | D:11     | Noticed Sonja
 12340 | D:11     | Noticed a centaur warrior
 12341 | D:11     | Noticed a seven-headed hydra
 12373 | D:10     | Killed a centaur warrior
 12576 | D:10     | Killed a seven-headed hydra
 12576 | D:10     | Reached skill level 18 in Polearms
 12920 | D:11     | Noticed a soul eater
 12940 | D:11     | HP: 3/135 [Sonja/uncursed dagger of distortion (4)]
 12942 | D:11     | HP: 1/135 [Sonja/uncursed dagger of distortion (3)]
 12942 | D:11     | Mangled by Sonja

Skill      XL: |  1  2  3  4  5  6  7  8  9 10 11 |
---------------+----------------------------------+-----
Polearms       | 5 6 7 8 9 11 12 15 16 17 18 | 18.2
Dodging        | 3 7 9 11 | 11.3
Fighting       | 6 8 9 |  9.9
Armour         | |  1.3

Action                   |  1- 3 |  4- 6 |  7- 9 | 10-12 || total
-------------------------+-------+-------+-------+-------++-------
Melee: Spear             |   149 |   371 |   271 |       ||   791
       Trident           |       |       |   252 |   355 ||   607
Invok: Berserk           |       |     2 |     7 |     6 ||    15
       Trog's Hand       |       |     1 |     2 |     4 ||     7
       Brothers in Arms  |       |       |       |     3 ||     3
  Use: Scroll            |     1 |       |     4 |     7 ||    12
       Potion            |       |       |       |     7 ||     7
 Stab: Sleeping          |     3 |     3 |     4 |     1 ||    11
       Distracted        |       |       |     1 |       ||     1
  Eat: Chunk             |     3 |     4 |    13 |     7 ||    27
       Ration            |       |     1 |     4 |     4 ||     9
Armor: Animal skin       |     5 |       |       |       ||     5
       Leather armour    |     6 |    49 |    78 |    72 ||   205
Dodge: Dodged            |    60 |   103 |   194 |   332 ||   689
